 Dungeon Crawl Stone Soup version 0.28.0 (webtiles) character file.

Game seed: 15839045060546802255

282 pkoi the Chiller (level 6, 0/45 HPs)
             Began as a Draconian Ice Elementalist on Feb 7, 2022.
             Slain by an ogre (14 damage)
             ... on level 4 of the Dungeon.
             The game lasted 00:06:52 (4047 turns).

pkoi the Chiller (Draconian Ice Elementalist)       Turns: 4047, Time: 00:06:53

Health: 0/45       AC:  6    Str: 10    XL:     6   Next: 6%
Magic:  5/9        EV: 12    Int: 18    God:
Gold:   194        SH:  0    Dex: 17    Spells: 5/9 levels left

rFire   . . .      SeeInvis .   m - +2 mace (drain)
rCold   . . .      Faith    .   (no shield)
rNeg    . . .      Spirit   .   (armour unavailable)
rPois   .          Reflect  .   k - +0 hat
rElec   .          Harm     .   (no cloak)
rCorr   +          Rampage  .   (no gloves)
Will    .....                   (no boots)
Stlth   ++........              (no amulet)
HPRegen 0.15/turn               h - ring of resist corrosion
MPRegen 0.11/turn               p - +6 ring of dexterity

@: no status effects
A: AC +6, unfitting armour, cold-blooded
a: no special abilities


You were on level 4 of the Dungeon.
You visited 1 branch of the dungeon, and saw 4 of its levels.

You collected 194 gold pieces.

Inventory:

Hand Weapons
 a - a +0 dagger
 m - a +2 mace of draining (weapon)
Armour
 k - a +0 hat (worn)
Jewellery
 h - a ring of resist corrosion (left hand)
 p - a +6 ring of dexterity (right hand)
Scrolls
 c - a scroll of enchant armour {unknown}
 d - a scroll of amnesia {unknown}
 f - 2 scrolls of identify
 l - a scroll of teleportation {unknown}
 n - a scroll of enchant weapon {unknown}
Potions
 b - 3 potions of curing {unknown}
 e - a potion of brilliance {unknown}
 g - a potion of heal wounds
 i - a potion of mutation {unknown}
 j - a potion of invisibility {unknown}
 o - a potion of magic {unknown}


   Skills:
 - Level 1.7 Dodging
 - Level 1.7 Stealth
 - Level 2.0 Spellcasting
 + Level 7.4 Ice Magic


You had 5 spell levels left.
You knew the following spells:

 Your Spells              Type           Power      Damage    Failure   Level
a - Freeze                Ice            100%       1d11      1%          1
b - Frozen Ramparts       Ice            56%        1d7       2%          3

Your spell library contained the following spells:

 Spells                   Type           Power      Damage    Failure   Level
 Ozocubu's Armour         Ice            28%        N/A       2%          3
 Hailstorm                Conj/Ice       15%        3d5       36%         4


Dungeon Overview and Level Annotations

Branches:
Dungeon (4/15)
 Temple: D:4-7

Altars:


Innate Abilities, Weirdness & Mutations

Your plain brown scales are hard. (AC +6)
You cannot fit into any form of body armour.
You are cold-blooded and may be slowed by cold attacks.


Message History

Unknown command.
Found a stone staircase leading up.
You now have 194 gold pieces (gained 5).
The ogre shouts!
There is a stone staircase leading up here.
Aiming: Freeze (safe; 1% risk of failure)
Press: ? - help, Q - select action, (/) - cycle Shift-Dir - straight line, f - ogre
Aim: an ogre, wielding a +0 giant club You freeze the ogre!
The ogre is moderately wounded.
The ogre hits you with a +0 giant club!
* * * LOW HITPOINT WARNING * * *
Aiming: Freeze (safe; 1% risk of failure)
Press: ? - help, Q - select action, (/) - cycle Shift-Dir - straight line, f/p - ogre
Aim: an ogre, wielding a +0 giant club (moderately wounded)
You freeze the ogre!
The ogre is heavily wounded.
The ogre hits you with a +0 giant club!!
Ouch! That really hurt!
* * * LOW HITPOINT WARNING * * *
You aren't carrying any items that you can evoke.
Unknown command.
As you read the scroll labelled MELLIA HUCUWKA, it crumbles to dust.
It is a scroll of identify.
g - 2 potions of heal wounds You feel much better.
The ogre hits you with a +0 giant club!
* * * LOW HITPOINT WARNING * * *
Aiming: Freeze (safe; 1% risk of failure)
Press: ? - help, Q - select action, (/) - cycle Shift-Dir - straight line, f/p - ogre
Aim: an ogre, wielding a +0 giant club (heavily wounded)
You freeze the ogre!
The ogre is severely wounded.
The ogre closely misses you.
Aiming: Freeze (safe; 1% risk of failure)
Press: ? - help, Q - select action, (/) - cycle Shift-Dir - straight line, f/p - ogre
Aim: an ogre, wielding a +0 giant club (severely wounded)
You freeze the ogre.
The ogre is almost dead.
The ogre hits you with a +0 giant club!
You die...

#.....#.........# #..#$#
.###.#.##.......## #.>#.#
♣.###.⌠.##....†..#####....#
#.###.####............#.# #.#
#.#.#......####....##
8.###.⌠.#..............#
#.#.#.#..#..........###.
##.####.##..<....)...≈.... ⌠
##.8.##..####@......[.≈....
.###.#.##...##..O###..##.≈...#
#.....#..........# #...##≈#...
....#...#######..# ###.# ≈##.#
..........# .... ..#≈# .#
..........# ..... .##
.........## §.⌠..⌠ ..
..)......# ....... .........#


You could see an ogre.

Vanquished Creatures
  2 jellies
  Natasha (twice) (D:2)
  2 iguanas (D:4)
  4 adders
  2 worms
  A dart slug (D:3)
  5 orcs
  7 endoplasms
  3 giant cockroaches
  8 goblins
  7 hobgoblins
  9 jackals
  A quokka (D:4)
  3 ball pythons
  5 bats
  3 frilled lizards
  6 kobolds
  A quokka skeleton (D:4)
  4 rats
75 creatures vanquished.

Vanquished Creatures (others)
  A fungus (D:3)
  8 plants (D:3)
9 creatures vanquished.

Grand Total: 84 creatures vanquished

Notes
Turn   | Place    | Note
-------+----------+-------------------------------------------
     0 | D:1      | pkoi the Draconian Ice Elementalist began the quest for the
                  | Orb.
     0 | D:1      | Reached XP level 1. HP: 14/14 MP: 3/3
   393 | D:1      | Reached XP level 2. HP: 20/20 MP: 3/5
  1308 | D:1      | Reached skill level 5 in Ice Magic
  1310 | D:1      | Reached XP level 3. HP: 21/26 MP: 0/6
  1585 | D:2      | Learned a level 3 spell: Frozen Ramparts
  1594 | D:2      | Noticed Natasha
  1602 | D:2      | Killed Natasha
  1603 | D:2      | Reached XP level 4. HP: 18/33 MP: 0/7
  2129 | D:2      | Reached skill level 6 in Ice Magic
  2551 | D:2      | Noticed Natasha
  2559 | D:2      | Killed Natasha
  2560 | D:2      | Reached XP level 5. HP: 31/38 MP: 4/8
  3390 | D:3      | Found a faded altar of an unknown god.
  3818 | D:4      | Reached skill level 7 in Ice Magic
  3902 | D:4      | Reached XP level 6. HP: 45/45 MP: 1/9
  4047 | D:4      | Slain by an ogre

Illustrated notes

Levels and vault maps discovered:
D:1:      heliophobic_arrival_battle_scene, layout_loops_ring
D:2:      layout_basic, uniq_natasha
D:3:      layout_loops_corners, shapermc_ecumenical_altar_mp_ritualfount,
          serial_bayou_pond_c
D:4:      layout_rooms, grunt_ministairs_2, grunt_decor_mini_mirrors,
          nicolae_shop_fire_sale [nicolae_sub_dead_trees],
          chequers_serial_rivers_micro_b

Skill      XL: |  1  2  3  4  5 |
---------------+----------------+-----
Ice Magic      | 5 6 7 |  7.4
Dodging        | |  1.7
Stealth        | |  1.7
Spellcasting   | |  2.0

Action                   |  1- 3 |  4- 6 || total
-------------------------+-------+-------++-------
Melee: Dagger            |    42 |    76 ||   118
       Unarmed           |     2 |       ||     2
       Tailslap          |     9 |     7 ||    16
       Punch             |       |     1 ||     1
       Mace              |       |     2 ||     2
 Cast: Freeze            |    31 |    61 ||    92
  Use: Scroll            |       |     1 ||     1
       Potion            |       |     1 ||     1
 Stab: Sleeping          |     4 |     4 ||     8
Armor: Skin              |    15 |    31 ||    46
Dodge: Dodged            |    43 |    74 ||   117
